 Dungeon Crawl Stone Soup version 0.25-a0-1119-g28b6fd0c3b (webtiles) character file.

Game seed: 10486181061899976273, levelgen mode: deterministic

20598 tilp the Slicer (level 13, -25/82 HPs)
             Began as a Kobold Arcane Marksman on May 18, 2020.
             Was a High Priest of Okawaru.
             Annihilated by a reaper
             ... wielding a +2 scythe of freezing
              (43 damage)
             ... in an ice cave.
             The game lasted 00:48:07 (18181 turns).

tilp the Slicer (Kobold Arcane Marksman)           Turns: 18181, Time: 00:48:07

Health: -25/82     AC: 18    Str: 14    XL:     13   Next: 13%
Magic:  19/19      EV: 18    Int: 15    God:    Okawaru [*****.]
Gold:   554        SH:  0    Dex: 16    Spells: 11/14 levels left

rFire    x . .     SeeInvis .   a - +1 hand crossbow
rCold    + + .     Gourm    .   M - +0 kite shield
rNeg     . . .     Faith    +   L - +0 ice dragon scales
rPois    .         Spirit   .   (no helmet)
rElec    .         Reflect  .   (no cloak)
rCorr    .         Harm     .   i - +2 pair of gloves {Str+3}
MR       .....                  A - +1 pair of boots {run}
Stlth    ..........             x - amulet of faith
HPRegen  0.23/turn              k - +4 ring of protection
MPRegen  0.16/turn              m - +4 ring of evasion

@: confused, very slightly contaminated, quick
A: small, carnivore
a: Heroism, Finesse, Renounce Religion


You were in an ice cave.
You worshipped Okawaru.
Okawaru was extremely pleased with you.
You were not hungry.

You visited 3 branches of the dungeon, and saw 13 of its levels.
You also visited: Ice Cave.

You collected 554 gold pieces.

Inventory:

Hand Weapons
 a - a +1 hand crossbow (weapon)
 b - a +1 rapier of speed
 R - a +3 scimitar of flaming
Missiles
 n - 12 bolts (quivered)
 w - 9 boomerangs
 N - 3 throwing nets
 S - 12 poisoned darts
Armour
 i - a +2 pair of gloves of strength (worn)
 A - a +1 pair of boots of running (worn)
 G - a scarf of harm
 L - +0 ice dragon scales (worn)
 M - a +0 kite shield (worn)
 O - a +3 scale mail of poison resistance
 P - +0 steam dragon scales
Jewellery
 k - a +4 ring of protection (left hand)
 m - a +4 ring of evasion (right hand)
 x - an amulet of faith (around neck)
 J - an uncursed ring of protection from fire
Wands
 e - a wand of polymorph (18)
 t - a wand of clouds (5)
 E - a wand of acid (4)
Scrolls
 h - 3 scrolls of magic mapping
 j - a scroll of fog
 l - 4 scrolls of teleportation
 o - 2 scrolls of enchant weapon
 p - 6 scrolls of remove curse
 r - a scroll of fear
 y - a scroll of immolation
 z - 5 scrolls of amnesia
 Q - a scroll of summoning
Potions
 d - a potion of curing
 f - a potion of stabbing
 q - a potion of brilliance
 s - 3 potions of might
 B - a potion of lignification
 D - a potion of ambrosia
 F - a potion of flight
 H - a potion of berserk rage
 I - 3 potions of magic
 K - a potion of mutation
Miscellaneous
 g - a phantom mirror
Comestibles
 c - 26 rations


   Skills:
 + Level 10.0 Fighting
 - Level 14.0 Short Blades
 - Level 10.0 Crossbows
 + Level 10.0 Dodging
 + Level 8.1 Stealth
 - Level 1.1 Spellcasting
 - Level 3.0 Hexes
 + Level 8.1 Invocations
 + Level 4.2 Evocations


You had 11 spell levels left.
You knew the following spells:

 Your Spells              Type           Power        Failure   Level  Hunger
a - Corona                Hex            #......      97%         1    ##.....
b - Slow                  Hex            #.......     99%         2    ###....

Your spell library contained the following spells:

 Spells                   Type           Power        Failure   Level  Hunger
 Animate Skeleton         Necr           N/A          100%        1    ##.....
 Apportation              Tloc           #.....       100%        1    ##.....
 Foxfire                  Conj/Fire      #...         100%        1    ##.....
 Infusion                 Chrm           #...         100%        1    ##.....
 Magic Dart               Conj           #...         100%        1    ##.....
 Summon Small Mammal      Summ           #...         100%        1    ##.....
 Blink                    Tloc           N/A          100%        2    ###....
 Call Imp                 Summ           #.......     100%        2    ###....
 Shroud of Golubria       Chrm/Tloc      #.....       100%        2    ###....
 Song of Slaying          Chrm           #.......     100%        2    ###....
 Swiftness                Chrm/Air       #.......     100%        2    ###....
 Confusing Touch          Hex            #.......     100%        3    ####...
 Conjure Flame            Conj/Fire      #.......     100%        3    ####...
 Gell's Gravitas          Tloc           #.........   100%        3    ####...
 Inner Flame              Hex/Fire       #.......     100%        3    ####...
 Mephitic Cloud           Conj/Pois/Air  #.......     100%        3    ####...
 Ozocubu's Armour         Chrm/Ice       #.......     100%        3    ####...
 Portal Projectile        Hex/Tloc       #.....       100%        3    ####...
 Recall                   Summ/Tloc      N/A          100%        3    ####...
 Spectral Weapon          Hex/Chrm       #.......     100%        3    ####...
 Cause Fear               Hex            #.........   100%        4    #####..
 Leda's Liquefaction      Hex/Erth       #.........   100%        4    #####..
 Passage of Golubria      Tloc           N/A          100%        4    #####..
 Petrify                  Tmut/Erth      #.......     100%        4    #####..
 Sticky Flame             Conj/Fire      #.......     100%        4    #####..
 Excruciating Wounds      Chrm/Necr      #.........   100%        5    ######.
 Fireball                 Conj/Fire      #.........   100%        5    ######.
 Irradiate                Conj/Tmut      #.........   100%        5    ######.
 Metabolic Englaciation   Hex/Ice        #.........   100%        5    ######.
 Yara's Violent Unravell  Hex/Tmut       #.........   100%        5    ######.
 Hydra Form               Tmut           #.........   100%        6    #######
 Statue Form              Tmut/Erth      #........    100%        6    #######
 Dragon Form              Tmut           #.........   100%        7    #######


Dungeon Overview and Level Annotations

Branches:
Dungeon (11/15)            Temple (1/1) D:7            Lair (1/6) D:11
    Orc (0/2) D:10          IceCv (1/1)

Altars:
Ashenzari
Cheibriados
Dithmenos
Elyvilon
Fedhas
Gozag
Hepliaklqana
Kikubaaqudgha
Makhleb
Nemelex Xobeh
Okawaru
Qazlal
Ru
Sif Muna
Trog
Uskayaw
Vehumet
Wu Jian
Xom
Yredelemnul
Zin
The Shining One

Shops:
D:8 %

Annotations:
D:2 1 runed translucent door, Crazy Yiuf
D:5 2 transporters
D:8 cyclops! IceCv exclusion: 2 ice statues


Innate Abilities, Weirdness & Mutations

You are small and have problems with some larger weapons.
You are carnivorous and can eat meat at any time.


Message History

Unknown command.
Firing (i - inventory. (/) - cycle)
n - 13 bolts (quivered)
Press: ? - help, Shift-Dir - straight line, f/p - reaper
Aim: a reaper, wielding a +2 scythe of freezing (flame, heavily wounded)
You shoot a bolt. The bolt hits the reaper.
The reaper is heavily wounded.
The reaper hits you from afar with a +2 scythe of freezing!!
* * * LOW HITPOINT WARNING * * *
Unknown command.
Evoke which item? (* to show all) (? for menu, Esc to quit)
Aiming: Corrosive Bolt
Press: ? - help, Shift-Dir - straight line, f/p - reaper
Aim: a reaper, wielding a +2 scythe of freezing (flame, heavily wounded)
The bolt of acid misses the reaper.
Unknown command.
You are confused.
You feel invigorated.
The reaper hits you from afar with a +2 scythe of freezing!!!
Ouch! That really hurt!
You die...

#....## ..°§. ##..#..##
#.○§§☼ ##.###...#
○○○≈§.
#(.####..###°≈§.○§
##(.#.[##..#°§§.°#§#
#.(##..[##.☼○.§§##§#§§
##..#....##.§..###§§#§§
#..##....###2..#....§§.
#..#...@## #...#..(...
#.2##.#☼##
#..2#.(.####.
#...###2☼#
#............
##..##§§§#
#..#......... #....§§§#
##.##..#.#.. ##...#..#
#..#.## # ##..#..##
#....# ####(..# ##☼§##
##..# #○.§°


You could see a reaper.

Vanquished Creatures
  Harold (D:7)
  A hydra (D:8)
  2 two-headed ogres
  Erica (D:8)
  Nergalle (D:11)
  An ugly thing (D:11)
  Maggie (D:7)
  2 spiny frogs (Lair:1)
  A komodo dragon (D:11)
  2 rime drakes (Lair:1)
  9 ice devils (IceCv)
  4 trolls
  A hornet (D:11)
  2 dream sheep (D:8)
  5 slime creatures (D:9)
  3 hippogriffs
  Sigmund (D:4)
  5 yaks
  A vampire (D:9)
  A wraith (D:8)
  Eustachio (D:5)
  4 hungry ghosts
  Duvessa (D:4)
  6 orc warriors
  A hornet zombie (D:7)
  2 porcupines (Lair:1)
  4 ice beasts
  A black bear (D:9)
  3 sky beasts
  A necrophage (D:11)
  4 wolves (D:11)
  6 ogres
  4 centaurs
  2 crocodiles (Lair:1)
  11 big kobolds
  A wyvern zombie (D:8)
  9 bullfrogs
  3 gnoll sergeants
  Dowan (D:4)
  3 scorpions
  13 killer bees
  7 wights
  2 howler monkeys
  4 electric eels (D:11)
  7 crimson imps
  A bullfrog zombie (D:7)
  2 quasits
  10 hounds
  3 jellies
  A gnoll shaman (D:7)
  4 orc priests
  2 bullfrog skeletons
  7 iguanas
  7 orc wizards
  3 worker ants
  2 hound skeletons
  2 howler monkey skeletons
  13 gnolls
  3 river rats (D:3)
  14 adders
  3 shadow imps
  7 white imps (IceCv)
  6 ufetubi (IceCv)
  An ooze (D:3)
  2 adder zombies
  An adder skeleton (D:9)
  2 worms
  2 dart slugs (D:1)
  10 leopard geckos
  33 orcs
  2 bats
  9 giant cockroaches
  8 goblins
  5 hobgoblins (D:1)
  10 jackals
  9 kobolds
  4 quokkas
  2 ball pythons (D:3)
  5 frilled lizards
  2 leopard gecko skeletons
  A quokka skeleton (D:4)
  A quokka zombie (D:8)
  8 rats
353 creatures vanquished.

Vanquished Creatures (others)
  A white imp (IceCv)
  6 ufetubi (IceCv)
  A plant (D:8)
8 creatures vanquished.

Grand Total: 361 creatures vanquished

Notes
Turn   | Place    | Note
-------+----------+-------------------------------------------
     0 | D:1      | tilp the Kobold Arcane Marksman began the quest for the
                  | Orb.
     0 | D:1      | Reached XP level 1. HP: 12/12 MP: 2/2
   322 | D:1      | Reached XP level 2. HP: 17/17 MP: 3/3
   340 | D:1      | Learned a level 2 spell: Slow
   565 | D:1      | Reached XP level 3. HP: 5/23 MP: 4/4
  1937 | D:2      | Reached XP level 4. HP: 28/29 MP: 5/5
  2415 | D:2      | Found a runed translucent door.
  2416 | D:2      | Noticed Crazy Yiuf
  2910 | D:3      | Reached XP level 5. HP: 33/33 MP: 6/6
  3355 | D:3      | Reached skill level 5 in Crossbows
  3390 | D:3      | Reached XP level 6. HP: 33/38 MP: 7/7
  4360 | D:4      | Reached skill level 1 in Stealth
  4575 | D:4      | Noticed an ogre
  4662 | D:4      | Noticed Sigmund
  4695 | D:4      | Killed Sigmund
  4695 | D:4      | Reached XP level 7. HP: 37/44 MP: 5/8
  4836 | D:4      | Reached skill level 5 in Fighting
  4955 | D:4      | Noticed Duvessa
  4996 | D:4      | Killed Duvessa
  5004 | D:4      | Noticed Dowan
  5021 | D:4      | Killed Dowan
  5021 | D:4      | Reached XP level 8. HP: 39/51 MP: 9/9
  5260 | D:5      | Entered Level 5 of the Dungeon
  5442 | D:5      | Reached skill level 5 in Dodging
  5460 | D:5      | Found a transporter.
  5580 | D:5      | Found a transporter.
  5808 | D:5      | Noticed Eustachio
  5827 | D:5      | Killed Eustachio
  5827 | D:5      | Reached skill level 1 in Evocations
  6490 | D:5      | HP: 1/51 [iguana (5)]
  6885 | D:6      | Reached XP level 9. HP: 40/55 MP: 12/12
  7945 | D:7      | Noticed Maggie
  7950 | D:7      | Noticed Harold
  7953 | D:7      | Killed Maggie
  7953 | D:7      | Reached skill level 10 in Crossbows
  7953 | D:7      | Reached skill level 3 in Short Blades
  7955 | D:7      | Noticed a two-headed ogre
  7960 | D:7      | Reached skill level 4 in Short Blades
  7962 | D:7      | Killed a two-headed ogre
  7962 | D:7      | Reached skill level 6 in Short Blades
  7962 | D:7      | Reached skill level 5 in Stealth
  7962 | D:7      | Reached XP level 10. HP: 23/61 MP: 13/13
  7964 | D:7      | Killed Harold
  8322 | D:7      | Found a staircase to the Ecumenical Temple.
  8342 | Temple   | Entered the Ecumenical Temple
  8526 | Temple   | Became a worshipper of Warmaster Okawaru
  9148 | D:8      | Found Myurukem's Food Shop.
  9290 | D:8      | Found a radiant altar of Vehumet.
  9559 | D:8      | Reached * piety under Okawaru
  9734 | D:8      | Noticed a cyclops
  9863 | D:8      | Noticed Erica
 10306 | D:8      | Noticed a three-headed hydra
 10329 | D:8      | Killed a three-headed hydra
 10329 | D:8      | Reached ** piety under Okawaru
 10329 | D:8      | Reached XP level 11. HP: 22/69 MP: 14/14
 10755 | D:8      | Reached skill level 10 in Dodging
 11034 | D:8      | Identified the Catalogue of the Silversmith
 11107 | D:8      | Killed Erica
 11107 | D:8      | Reached *** piety under Okawaru
 11107 | D:8      | Reached skill level 10 in Fighting
 11107 | D:8      | Reached skill level 7 in Short Blades
 11385 | D:9      | Noticed a two-headed ogre
 11651 | D:9      | Reached skill level 8 in Short Blades
 11760 | D:9      | Received a gift from Okawaru
 11865 | D:9      | Reached skill level 9 in Short Blades
 12406 | D:9      | Reached skill level 10 in Short Blades
 12411 | D:9      | Reached **** piety under Okawaru
 12414 | D:9      | Reached skill level 1 in Invocations
 12533 | D:9      | Killed a two-headed ogre
 12908 | D:9      | Found an ornate altar of the Wu Jian Council.
 12917 | D:9      | Reached XP level 12. HP: 77/77 MP: 15/15
 13113 | D:9      | Found a glowing golden altar of the Shining One.
 13182 | D:10     | Entered Level 10 of the Dungeon
 13195 | D:10     | Reached ***** piety under Okawaru
 13289 | D:10     | Reached skill level 5 in Invocations
 14381 | D:10     | Found a staircase to the Orcish Mines.
 15109 | D:11     | Noticed Nergalle
 15307 | D:11     | Received a gift from Okawaru
 15518 | D:11     | Reached skill level 11 in Short Blades
 15518 | D:11     | Killed Nergalle
 15535 | D:11     | Received a gift from Okawaru
 15562 | D:11     | Reached skill level 12 in Short Blades
 15691 | D:11     | Found a staircase to the Lair.
 16308 | Lair:1   | Entered Level 1 of the Lair of Beasts
 16712 | Lair:1   | Found a frozen archway.
 16721 | Lair:1   | Reached skill level 13 in Short Blades
 16848 | IceCv    | Entered an ice cave
 17292 | IceCv    | Reached XP level 13. HP: 75/82 MP: 19/19
 17351 | IceCv    | Identified a +1 pair of boots of running (You found it in
                  | an ice cave)
 17767 | IceCv    | Reached skill level 14 in Short Blades
 17772 | IceCv    | Noticed a reaper
 18146 | IceCv    | HP: 2/82 [reaper/+2 scythe of freezing (3)]
 18181 | IceCv    | Annihilated by a reaper

Illustrated notes

Levels and vault maps discovered:
D:1:      lemuel_arrival_river_passageway, layout_loops_corners, st_stairs_4
D:2:      layout_rooms, uniq_crazy_yiuf_cottage
D:3:      layout_basic, portal_sewer_entry_e
D:4:      layout_rooms, uniq_sigmund, uniq_duvessa
D:5:      gammafunk_wand_slinger, layout_cave_pools, first_ration,
          serial_bayou_pond_a, uniq_eustachio
D:6:      layout_cave_pools, kennysheep_generic_room_10
D:7:      layout_basic, temple_fountains, uniq_maggie, uniq_harold
D:8:      minmay_the_grid_octo_tiled_octocenter [minmay_the_grid_octo_chip,
          minmay_the_grid_octo_horde, minmay_the_grid_octo_fat_diamond,
          minmay_the_grid_octo_tetromino_candy,
          minmay_the_grid_octo_prize_ultimate_mussel_roller,
          minmay_the_grid_square_5x5_spiral,
          minmay_the_grid_square_5x5_fancy_junction,
          minmay_the_grid_square_5x5_inner_z,
          minmay_the_grid_square_5x5_n_small], layout_loops_ring, basic_altar,
          serial_shops, nicolae_shop_behind_doors, hangedman_ranch
          [blue_anna_fruit_fields], uniq_erica
D:9:      layout_loops_ring, marbit_many_paths, basic_altar
D:10:     layout_long_grid, kennysheep_orc_monster_closet_entryway
D:11:     layout_basic, erik_lair_island, uniq_nergalle
Temple:   compressed_dpeg_triangle_lava_temple
Lair:1:   layout_regular_city, serial_rivers, chequers_serial_rivers_small_a,
          chequers_serial_rivers_large_b, chequers_serial_rivers_room_b,
          chequers_serial_rivers_large_a, portal_ice_cave_rime, st_stairs_4
IceCv:    ice_cave_small_demon

Skill      XL: |  1  2  3  4  5  6  7  8  9 10 11 12 13 |
---------------+----------------------------------------+-----
Fighting       | 2 3 4 5 6 8 10 | 10.0
Crossbows      | 3 5 6 7 10 | 10.0
Stealth        | 3 4 5 8 |  8.1
Dodging        | 3 4 6 9 10 | 10.0
Evocations     | 4 |  4.2
Short Blades   | 6 10 13 14 | 14.0
Invocations    | 4 8 |  8.1
Spellcasting   | |  1.1
Hexes          | |  3.0

Action                   |  1- 3 |  4- 6 |  7- 9 | 10-12 | 13-15 || total
-------------------------+-------+-------+-------+-------+-------++-------
Melee: Dagger            |     7 |       |       |       |       ||     7
       Short sword       |    57 |   208 |       |       |       ||   265
       Rapier            |       |       |   254 |   839 |   195 ||  1288
 Fire: Hand crossbow     |    30 |    97 |   150 |   477 |    21 ||   775
Throw: Boomerang         |       |       |     3 |    12 |       ||    15
 Cast: Corona            |       |     1 |       |       |       ||     1
Invok: Heroism           |       |       |       |     2 |       ||     2
Evoke: Wand              |       |       |     2 |     7 |     6 ||    15
       Phantom mirror    |       |       |       |       |     1 ||     1
  Use: Scroll            |     1 |     7 |     3 |    13 |     1 ||    25
       Potion            |       |     6 |     2 |     1 |     4 ||    13
 Stab: Sleeping          |       |       |       |     4 |     1 ||     5
       Distracted        |       |       |       |     3 |       ||     3
  Eat: Chunk             |    11 |     9 |    10 |    42 |       ||    72
Armor: Scale mail        |    28 |    94 |    22 |   196 |       ||   340
       Skin              |       |     1 |       |       |       ||     1
       Chain mail        |       |       |   124 |    19 |       ||   143
       Ice dragon scales |       |       |       |    24 |    28 ||    52
Dodge: Dodged            |    20 |   102 |   112 |   496 |    56 ||   786
Block: Kite shield       |       |       |       |    51 |    24 ||    75

Table legend:
 A = Non-vault XP
 B = Vault XP
 C = Vault XP percentage of total XP
 D = Non-vault monster count
 E = Vault monster count
 F = Vault count percentage of total count
                 A         B        C        D         E       F
            +---------+---------+-------+---------+---------+-------
      Total |   14692 |   14734 |  50.1 |     239 |     114 |  32.3
            +---------+---------+-------+---------+---------+-------
        D:1 |      37 |      18 |  32.7 |      22 |       3 |  12.0
        D:2 |      63 |       0 |   0.0 |      14 |       0 |   0.0
        D:3 |     152 |      47 |  23.6 |      20 |       8 |  28.6
        D:4 |     318 |     451 |  58.6 |      15 |       3 |  16.7
        D:5 |     431 |     202 |  31.9 |      20 |       1 |   4.8
        D:6 |     584 |       0 |   0.0 |      20 |       0 |   0.0
        D:7 |    2111 |    1427 |  40.3 |      30 |       2 |   6.2
        D:8 |     264 |    4719 |  94.7 |       6 |      41 |  87.2
        D:9 |    5123 |     169 |   3.2 |      37 |       1 |   2.6
       D:10 |    1536 |    1516 |  49.7 |      23 |      19 |  45.2
       D:11 |    3326 |    1748 |  34.5 |      28 |      10 |  26.3
     Lair:1 |     747 |    1283 |  63.2 |       4 |       4 |  50.0
      IceCv |       0 |    3154 | 100.0 |       0 |      22 | 100.0
            +---------+---------+-------+---------+---------+-------
